Blue Jackets vs Canadiens
(R2)
Created - 3 novembre 2013 at 00:48
Goals
|
| Blue Jackets |
1 |
3 |
1 |
5 |
| Canadiens |
2 |
2 |
3 |
7 |
|
Shots
|
| Blue Jackets |
11 |
10 |
9 |
30 |
| Canadiens |
15 |
12 |
7 |
34 |
|
1st period
1. Blue Jackets , Pavel Bure 2 (Marc Savard, Kevin Bieksa) at 0:13
2. Canadiens , Mike York 2 (Tomas Plekanec) at 15:30
3. Canadiens , Tomas Plekanec 2 (Patric Hornqvist, Matt Carle) at 17:43 (PP)
Penalties :
Patrick Marleau (Mon) for High sticking (Minor) at 4:01, David Booth (Clb) for High sticking (Minor) at 4:01, Jason Ward (Clb) for Hooking (Minor) at 17:26, David Booth (Clb) for Slashing (Minor) at 19:59
2nd period
4. Canadiens , Viktor Kozlov 4 (Mike York) at 0:31 (PP)
5. Blue Jackets , Pavel Bure 3 (Marc Savard) at 2:00 (PP)
6. Blue Jackets , Andrew Ebbett 2 (Derek Morris, Ladislav Nagy) at 3:23
7. Canadiens , Tyler Arnason 2 (Patric Hornqvist) at 16:40
8. Blue Jackets , Marc Savard 3 (Pavel Bure) at 18:07
Penalties :
Mike York (Mon) for Hooking (Minor) at 1:58, Patrick Marleau (Mon) for Interference (Minor) at 3:34, Ryan Bayda (Mon) for High sticking (Minor) at 8:37, Branislav Mezei (Clb) for Hooking (Minor) at 8:37, Kevin Bieksa (Clb) for High sticking (Minor) at 8:48
3rd period
9. Blue Jackets , Greg Campbell 1 (Michael Frolik, Wade Redden) at 5:33
10. Canadiens , Patric Hornqvist 2 (Éric Desjardins, Tyler Arnason) at 7:04
11. Canadiens , Ryan Bayda 1 (Patrick Marleau, Michel Ouellet) at 10:58
12. Canadiens , Marek Svatos 2 (Tyler Sloan, Viktor Kozlov) at 19:15 (Empty Net)
Penalties :
Ossi Vaananen (Mon) for High sticking (Minor) at 2:10, Patrick Marleau (Mon) for Hooking (Minor) at 8:06, Pavel Bure (Clb) for High sticking (Minor) at 8:14, Jason Ward (Clb) for Hooking (Minor) at 11:44, Éric Desjardins (Mon) for Hooking (Minor) at 15:17
Goalie Stats
Jaroslav Halak (Clb), 27 saves from 33 shots - (0,818), L, 0-1-0, 59:48 minutes
Kari Lehtonen (Mon), 25 saves from 30 shots - (0,833), W, 3-2-0, 60:00 minutes
Players Stats for Blue Jackets
Player Name G A P +/- PIM S H SB GA TA FO MP PP MP PK MP
------------------------------------------------------------------------------------
Ales Kotalik 0 0 0 -1 0 1 1 0 0 0 0/0 14:05 2:48 0:00
Andrew Ebbett 1 0 1 0 0 4 2 1 0 1 6/7 12:42 0:00 0:15
Ben Guite 0 0 0 1 0 0 0 0 0 0 0/0 8:18 0:00 0:00
Brad Stuart 0 0 0 0 0 1 0 1 0 0 0/0 11:12 0:00 0:21
Branislav Mezei 0 0 0 1 2 0 1 0 0 1 0/0 21:54 2:13 0:59
David Booth 0 0 0 -1 4 0 2 0 0 0 0/0 18:37 3:19 0:58
Derek Morris 0 1 1 1 0 1 1 0 0 2 0/0 21:22 2:13 1:09
Greg Campbell 1 0 1 1 0 1 1 0 0 0 2/3 9:31 0:00 0:42
Jan Bulis 0 0 0 -1 0 0 4 0 0 1 8/13 14:59 2:48 0:15
Jason Ward 0 0 0 0 4 1 1 1 0 0 0/1 10:50 0:00 0:00
Kevin Bieksa 0 1 1 -2 2 3 2 0 1 1 0/0 26:15 3:54 2:08
Ladislav Nagy 0 1 1 0 0 2 0 0 0 0 0/0 11:37 0:00 0:11
Marc Savard 1 2 3 -1 0 6 1 1 1 0 24/41 23:51 3:19 3:32
Marcus Nilson 0 0 0 -1 0 1 1 0 1 1 1/1 14:05 2:48 0:00
Michael Frolik 0 1 1 1 0 1 2 0 0 0 0/0 8:18 0:00 0:00
Pavel Bure 2 1 3 -1 2 4 2 1 0 0 1/2 20:27 3:18 1:58
Shaone Morrisonn 0 0 0 0 0 1 0 0 0 0 0/0 13:19 0:00 1:38
Wade Redden 0 1 1 -2 0 3 0 3 2 2 0/0 27:47 3:54 3:46
Players Stats for Canadiens
Player Name G A P +/- PIM S H SB GA TA FO MP PP MP PK MP
------------------------------------------------------------------------------------
Chris Dingman 0 0 0 0 0 0 0 0 0 0 0/0 8:20 0:00 0:57
Éric Desjardins 0 1 1 3 2 2 0 1 0 1 0/0 26:43 2:09 1:55
Jamie Lundmark 0 0 0 0 0 1 0 0 0 1 2/4 8:34 0:00 1:57
Jeff Woywitka 0 0 0 2 0 1 4 4 0 0 0/0 29:44 1:17 2:58
Marek Svatos 1 0 1 -2 0 6 0 0 3 0 0/1 19:57 1:05 1:38
Mark Fistric 0 0 0 -2 0 4 0 2 0 0 0/0 16:27 0:00 3:09
Matt Carle 0 1 1 -1 0 0 1 0 2 1 0/0 17:55 1:50 1:44
Michel Ouellet 0 1 1 1 0 2 1 0 0 0 0/0 8:05 0:08 0:00
Mike York 1 1 2 1 2 1 1 0 0 0 0/0 12:26 1:05 0:00
Ossi Vaananen 0 0 0 0 2 0 1 0 0 0 0/0 18:17 0:00 2:04
Patric Hornqvist 1 2 3 1 0 2 0 1 0 0 1/1 12:33 1:35 0:00
Patrick Marleau 0 1 1 -1 6 5 5 0 0 0 1/1 21:34 2:02 1:07
Radim Vrbata 0 0 0 1 0 0 2 0 0 2 1/2 14:47 0:00 3:23
Ryan Bayda 1 0 1 2 2 3 0 0 1 0 0/0 13:00 0:19 0:00
Tomas Plekanec 1 1 2 1 0 3 0 0 1 0 8/20 17:44 1:43 3:12
Tyler Arnason 1 1 2 1 0 2 1 0 1 0 3/8 9:55 0:08 0:00
Tyler Sloan 0 1 1 0 0 1 1 0 0 0 0/0 11:18 0:58 0:24
Viktor Kozlov 1 1 2 -2 0 1 3 0 1 0 10/31 20:38 1:16 0:00
3 Stars
1 - Patric Hornqvist (Mon)
2 - Pavel Bure (Clb)
3 - Marc Savard (Clb)
Power Play
Blue Jackets - 1 on 5 Attempt(s) - 20,00%
Canadiens - 2 on 5 Attempt(s) - 40,00%
Penalty Kill
Blue Jackets - 3 on 5 Attempt(s) - 60,00%
- Score 0 goal in Penalty Kill
Canadiens - 4 on 5 Attempt(s) - 80,00%
- Score 0 goal in Penalty Kill
Official
Referees : McCauley Wes and Rooney Chris
Linesman : Brian Mach and Vaughan Rody
Game Notes
Marek Svatos has scored in a empty net!
Finance
Level 1 -- Attendance: 5465 (91,08%) -- Ticket Income 464 525 $
Level 2 -- Attendance: 3612 (72,24%) -- Ticket Income 209 496 $
Level 3 -- Attendance: 1447 (72,35%) -- Ticket Income 47 751 $
Level 4 -- Attendance: 3463 (86,58%) -- Ticket Income 69 260 $
Luxury Box -- Attendance: 888 (88,80%) -- Ticket Income 146 520 $
Game was played at the Centre Bell
Total Attendance: 14875 (82,64%)
Total Ticket Income: 937 552 $
Other Income: 140 633 $
Total Income: 1 078 185 $
Blue Jackets
5 vs 5 Forward
Center Left Wing Right Wing Time % Phy DF OF
1 Marc Savard David Booth Pavel Bure 40 1 2 2
2 Jan Bulis Marcus Nilson Ales Kotalik 30 1 2 2
3 Andrew Ebbett Ladislav Nagy Jason Ward 20 1 2 2
4 Greg Campbell Michael Frolik Ben Guite 10 1 2 2
5 vs 5 Defense
Defense Defense Time % Phy DF OF
1 Wade Redden Kevin Bieksa 40 1 2 2
2 Branislav Mezei Derek Morris 30 1 2 2
3 Brad Stuart Shaone Morrisonn 20 1 2 2
4 Wade Redden Kevin Bieksa 10 1 2 2
PowerPlay Forward
Center Left Wing Right Wing Time % Phy DF OF
1 Marc Savard David Booth Pavel Bure 60 1 2 2
2 Jan Bulis Marcus Nilson Ales Kotalik 40 1 2 2
PowerPlay Defense
Defense Defense Time % Phy DF OF
1 Wade Redden Kevin Bieksa 60 1 2 2
2 Branislav Mezei Derek Morris 40 1 2 2
Penalty Kill 4 Players Forward
Center Wing Time % Phy DF OF
1 Marc Savard Pavel Bure 60 1 2 2
2 Jan Bulis David Booth 40 1 2 2
Penalty Kill 4 Players Defense
Defense Defense Time % Phy DF OF
1 Wade Redden Kevin Bieksa 60 1 2 2
2 Branislav Mezei Derek Morris 40 1 2 2
Penalty Kill - 3 Players Forward
Forward Time % Phy DF OF
1 Marc Savard 60 1 2 2
2 Pavel Bure 40 1 2 2
Penalty Kill - 3 Players Defense
Defense Defense Time % Phy DF OF
1 Wade Redden Kevin Bieksa 60 1 2 2
2 Branislav Mezei Derek Morris 40 1 2 2
4 vs 4 Forward
Center Wing Time % Phy DF OF
1 Marc Savard Pavel Bure 60 1 2 2
2 Jan Bulis David Booth 40 1 2 2
4 vs 4 Defense
Defense Defense Time % Phy DF OF
1 Wade Redden Kevin Bieksa 60 1 2 2
2 Branislav Mezei Derek Morris 40 1 2 2
Last Minutes Offensive
Center Left Wing Right Wing Defense Defense
Marc Savard David Booth Pavel Bure Wade Redden Kevin Bieksa
Last Minutes Defensive
Center Left Wing Right Wing Defense Defense
Marc Savard David Booth Pavel Bure Wade Redden Kevin Bieksa
Goaltenders
Starting : Jaroslav Halak
Backup : Miika Kiprusoff
Extra Forwards
Normal : Andrew Ebbett, Ladislav Nagy, Greg Campbell - PP : Andrew Ebbett, Ladislav Nagy - PK : Greg Campbell
Extra Defensemen
Normal : Brad Stuart, Shaone Morrisonn, Branislav Mezei - PP : Brad Stuart - PK : Shaone Morrisonn, Branislav Mezei
Penalty Shots
Marc Savard, Pavel Bure, Jan Bulis, David Booth, Marcus Nilson
Canadiens
5 vs 5 Forward
Center Left Wing Right Wing Time % Phy DF OF
1 Viktor Kozlov Patrick Marleau Marek Svatos 40 1 2 2
2 Tomas Plekanec Mike York Radim Vrbata 30 1 2 2
3 Tyler Arnason Ryan Bayda Patric Hornqvist 20 1 2 2
4 Jamie Lundmark Chris Dingman Michel Ouellet 10 1 2 2
5 vs 5 Defense
Defense Defense Time % Phy DF OF
1 Jeff Woywitka Éric Desjardins 40 1 3 1
2 Matt Carle Ossi Vaananen 30 1 3 1
3 Tyler Sloan Mark Fistric 20 0 4 1
4 Jeff Woywitka Mark Fistric 10 1 4 0
PowerPlay Forward
Center Left Wing Right Wing Time % Phy DF OF
1 Tomas Plekanec Patrick Marleau Patric Hornqvist 60 1 1 3
2 Viktor Kozlov Mike York Marek Svatos 40 1 1 3
PowerPlay Defense
Defense Defense Time % Phy DF OF
1 Matt Carle Éric Desjardins 60 1 2 2
2 Jeff Woywitka Tyler Sloan 40 1 2 2
Penalty Kill 4 Players Forward
Center Wing Time % Phy DF OF
1 Tomas Plekanec Radim Vrbata 60 1 3 1
2 Jamie Lundmark Marek Svatos 40 1 3 1
Penalty Kill 4 Players Defense
Defense Defense Time % Phy DF OF
1 Jeff Woywitka Éric Desjardins 60 0 5 0
2 Mark Fistric Ossi Vaananen 40 1 4 0
Penalty Kill - 3 Players Forward
Forward Time % Phy DF OF
1 Tomas Plekanec 60 0 4 1
2 Jamie Lundmark 40 1 3 1
Penalty Kill - 3 Players Defense
Defense Defense Time % Phy DF OF
1 Jeff Woywitka Éric Desjardins 60 0 5 0
2 Mark Fistric Ossi Vaananen 40 1 3 1
4 vs 4 Forward
Center Wing Time % Phy DF OF
1 Viktor Kozlov Patrick Marleau 60 0 2 3
2 Tomas Plekanec Marek Svatos 40 1 2 2
4 vs 4 Defense
Defense Defense Time % Phy DF OF
1 Jeff Woywitka Éric Desjardins 60 1 3 1
2 Mark Fistric Ossi Vaananen 40 1 3 1
Last Minutes Offensive
Center Left Wing Right Wing Defense Defense
Tomas Plekanec Patrick Marleau Marek Svatos Jeff Woywitka Matt Carle
Last Minutes Defensive
Center Left Wing Right Wing Defense Defense
Viktor Kozlov Patrick Marleau Marek Svatos Jeff Woywitka Ossi Vaananen
Goaltenders
Starting : Kari Lehtonen
Backup : Mikael Tellqvist
Extra Forwards
Normal : Ryan Bayda, Patric Hornqvist, Michel Ouellet - PP : Tyler Arnason, Michel Ouellet - PK : Patrick Marleau
Extra Defensemen
Normal : Tyler Sloan, Matt Carle, Mark Fistric - PP : Mark Fistric - PK : Matt Carle, Tyler Sloan
Penalty Shots
Patrick Marleau, Tomas Plekanec, Mike York, Marek Svatos, Viktor Kozlov
% Time on Ice - Blue Jackets
Lines # - Real PCT - Wanted PCT - Time Play
Normal Forward
1 - 32% - 40% - 14:06
2 - 25% - 30% - 11:17
3 - 24% - 20% - 10:49
4 - 19% - 10% - 8:18
Normal Defense
1 - 36% - 40% - 15:56
2 - 36% - 30% - 16:02
3 - 24% - 20% - 10:51
4 - 4% - 10% - 1:41
PP Forward
1 - 54% - 60% - 3:19
2 - 46% - 40% - 2:48
PP Defense
1 - 64% - 60% - 3:54
2 - 36% - 40% - 2:13
PK Forward
1 - 92% - 60% - 2:52
2 - 8% - 40% - 0:15
PK Defense
1 - 74% - 60% - 2:19
2 - 26% - 40% - 0:48
PK3 Forward
1 - 90% - 60% - 1:37
2 - 10% - 40% - 0:11
PK3 Defense
1 - 81% - 60% - 1:27
2 - 19% - 40% - 0:21
44 Forward
1 - 84% - 60% - 3:22
2 - 16% - 40% - 0:39
44 Defense
1 - 54% - 60% - 2:11
2 - 46% - 40% - 1:50
Last Minute Offensive - 0:27
Last Minute Defensive - 0:00
Total
Forward - 60:00
Defense - 60:00
|
% Time on Ice - Canadiens
Lines # - Real PCT - Wanted PCT - Time Play
Normal Forward
1 - 37% - 40% - 16:25
2 - 27% - 30% - 11:53
3 - 22% - 20% - 9:47
4 - 14% - 10% - 6:22
Normal Defense
1 - 40% - 40% - 17:48
2 - 32% - 30% - 14:14
3 - 20% - 20% - 9:06
4 - 7% - 10% - 3:19
PP Forward
1 - 65% - 60% - 2:02
2 - 35% - 40% - 1:05
PP Defense
1 - 69% - 60% - 2:09
2 - 31% - 40% - 0:58
PK Forward
1 - 73% - 60% - 4:29
2 - 27% - 40% - 1:38
PK Defense
1 - 49% - 60% - 2:58
2 - 51% - 40% - 3:09
PK3 Forward
1 - 0% - 60%
2 - 0% - 40%
PK3 Defense
1 - 0% - 60%
2 - 0% - 40%
44 Forward
1 - 83% - 60% - 4:49
2 - 17% - 40% - 1:00
44 Defense
1 - 64% - 60% - 3:45
2 - 36% - 40% - 2:04
Last Minute Offensive - 0:00
Last Minute Defensive - 0:30
Total
Forward - 60:00
Defense - 60:00
|
Play by Play
1st period
0:01 of 1st period - Marc Savard wins face-off versus Viktor Kozlov in neutral zone.
0:13 of 1st period - Wrist shot by Pavel Bure.
0:13 of 1st period - Goal by Pavel Bure - Blue Jackets : 1 - Canadiens : 0.
0:14 of 1st period - Tomas Plekanec wins face-off versus Jan Bulis in neutral zone.
0:26 of 1st period - Ossi Vaananen is hit by Branislav Mezei and loses puck.
0:39 of 1st period - Ossi Vaananen is hit by Michael Frolik and loses puck.
0:47 of 1st period - Off-side.
0:48 of 1st period - Andrew Ebbett wins face-off versus Tyler Arnason in neutral zone.
1:13 of 1st period - Snap shot by Marek Svatos.
1:13 of 1st period - Deflect By Marc Savard.
1:13 of 1st period - Stopped by Jaroslav Halak without a rebound.
1:14 of 1st period - Viktor Kozlov wins face-off versus Marc Savard in Blue Jackets zone.
1:25 of 1st period - Snap shot by Marek Svatos.
1:25 of 1st period - Shot Blocked by Wade Redden.
1:27 of 1st period - Wrist shot by Marek Svatos.
1:27 of 1st period - Shot Misses the Net.
1:35 of 1st period - Wrist shot by Pavel Bure.
1:35 of 1st period - Stopped by Kari Lehtonen without a rebound.
1:36 of 1st period - Jan Bulis wins face-off versus Jamie Lundmark in Canadiens zone.
1:41 of 1st period - Snap shot by Marcus Nilson.
1:41 of 1st period - Shot Misses the Net.
1:45 of 1st period - Snap shot by Jan Bulis.
1:45 of 1st period - Shot Blocked by Jeff Woywitka.
1:47 of 1st period - Slapshot by Kevin Bieksa.
1:47 of 1st period - Stopped by Kari Lehtonen without a rebound.
1:48 of 1st period - Marcus Nilson wins face-off versus Viktor Kozlov in Canadiens zone.
2:15 of 1st period - Éric Desjardins is hit by Kevin Bieksa and loses puck.
2:20 of 1st period - Wrist shot by Marc Savard.
2:20 of 1st period - Stopped by Kari Lehtonen with a rebound.
3:25 of 1st period - Snap shot by Ales Kotalik.
3:25 of 1st period - Shot Misses the Net.
3:51 of 1st period - Snap shot by Mike York.
3:51 of 1st period - Shot Misses the Net.
3:53 of 1st period - Slapshot by Tyler Sloan.
3:53 of 1st period - Stopped by Jaroslav Halak with a rebound.
3:55 of 1st period - Slapshot by Mark Fistric.
3:55 of 1st period - Stopped by Jaroslav Halak without a rebound.
3:56 of 1st period - Marc Savard wins face-off versus Viktor Kozlov in Blue Jackets zone.
4:01 of 1st period - Minor Penalty to Patrick Marleau for High sticking.
4:01 of 1st period - Minor Penalty to David Booth for High sticking.
4:02 of 1st period - Viktor Kozlov wins face-off versus Marc Savard in Blue Jackets zone.
4:03 of 1st period - Slapshot by Ryan Bayda.
4:03 of 1st period - Stopped by Jaroslav Halak without a rebound.
4:04 of 1st period - Marc Savard wins face-off versus Viktor Kozlov in Blue Jackets zone.
4:30 of 1st period - Icing by Éric Desjardins.
4:31 of 1st period - Viktor Kozlov wins face-off versus Jan Bulis in Canadiens zone.
4:36 of 1st period - Derek Morris is hit by Jeff Woywitka and loses puck.
5:17 of 1st period - Snap shot by Andrew Ebbett.
5:17 of 1st period - Stopped by Kari Lehtonen with a rebound.
5:19 of 1st period - Slapshot by Branislav Mezei.
5:19 of 1st period - Shot Misses the Net.
6:01 of 1st period - Penalty to Patrick Marleau is over, Patrick Marleau is back on ice.
6:01 of 1st period - Penalty to David Booth is over, David Booth is back on ice.
6:29 of 1st period - Snap shot by Tomas Plekanec.
6:29 of 1st period - Stopped by Jaroslav Halak without a rebound.
6:30 of 1st period - Andrew Ebbett wins face-off versus Tyler Arnason in Blue Jackets zone.
6:37 of 1st period - Slapshot by Ladislav Nagy.
6:37 of 1st period - Stopped by Kari Lehtonen with a rebound.
6:55 of 1st period - Jan Bulis is hit by Michel Ouellet and loses puck.
7:14 of 1st period - Snap shot by Marek Svatos.
7:14 of 1st period - Shot Misses the Net.
7:16 of 1st period - Slapshot by Matt Carle.
7:16 of 1st period - Shot Misses the Net.
7:18 of 1st period - Snap shot by Patrick Marleau.
7:18 of 1st period - Stopped by Jaroslav Halak without a rebound.
7:19 of 1st period - Marc Savard wins face-off versus Viktor Kozlov in Blue Jackets zone.
7:19 of 1st period - Marc Savard is hit by Viktor Kozlov.
7:49 of 1st period - Slapshot by Kevin Bieksa.
7:49 of 1st period - Shot Blocked by Jeff Woywitka.
8:28 of 1st period - Slapshot by Patric Hornqvist.
8:28 of 1st period - Stopped by Jaroslav Halak with a rebound.
8:30 of 1st period - Slapshot by Éric Desjardins.
8:30 of 1st period - Shot Hit the Post.
8:32 of 1st period - Slapshot by Éric Desjardins.
8:32 of 1st period - Shot Misses the Net.
8:34 of 1st period - Slapshot by Éric Desjardins.
8:34 of 1st period - Stopped by Jaroslav Halak with a rebound.
9:10 of 1st period - Snap shot by Ladislav Nagy.
9:10 of 1st period - Deflect By Andrew Ebbett.
9:10 of 1st period - Shot Misses the Net.
9:10 of 1st period - Puck is out of play.
9:11 of 1st period - Tyler Arnason wins face-off versus Marc Savard in Canadiens zone.
9:11 of 1st period - Tyler Arnason is hit by Pavel Bure.
10:29 of 1st period - Wrist shot by Jamie Lundmark.
10:29 of 1st period - Stopped by Jaroslav Halak with a rebound.
11:12 of 1st period - Pavel Bure is hit by Patrick Marleau and loses puck.
11:23 of 1st period - Marcus Nilson is hit by Tyler Sloan.
12:36 of 1st period - Ossi Vaananen is hit by Greg Campbell and loses puck.
13:14 of 1st period - Snap shot by Marek Svatos.
13:14 of 1st period - Stopped by Jaroslav Halak without a rebound.
13:15 of 1st period - Marc Savard wins face-off versus Viktor Kozlov in Blue Jackets zone.
13:15 of 1st period - Marc Savard is hit by Patrick Marleau.
13:28 of 1st period - Patrick Marleau is hit by David Booth and loses puck.
14:05 of 1st period - Shaone Morrisonn is hit by Jeff Woywitka and loses puck.
14:26 of 1st period - Slapshot by Patrick Marleau.
14:26 of 1st period - Shot Misses the Net.
14:28 of 1st period - Wrist shot by Patrick Marleau.
14:28 of 1st period - Shot Blocked by Jason Ward.
15:12 of 1st period - Slapshot by Kevin Bieksa.
15:12 of 1st period - Deflect By Michael Frolik.
15:12 of 1st period - Stopped by Kari Lehtonen without a rebound.
15:13 of 1st period - Greg Campbell wins face-off versus Tyler Arnason in Canadiens zone.
15:22 of 1st period - Snap shot by Michael Frolik.
15:22 of 1st period - Shot Blocked by Jeff Woywitka.
15:28 of 1st period - Wrist shot by Ryan Bayda.
15:28 of 1st period - Stopped by Jaroslav Halak without a rebound.
15:29 of 1st period - Tomas Plekanec wins face-off versus Marc Savard in Blue Jackets zone.
15:30 of 1st period - Wrist shot by Mike York.
15:30 of 1st period - Goal by Mike York - Blue Jackets : 1 - Canadiens : 1.
15:31 of 1st period - Tomas Plekanec wins face-off versus Marc Savard in neutral zone.
15:57 of 1st period - Wade Redden is hit by Viktor Kozlov and loses puck.
16:08 of 1st period - Snap shot by Ales Kotalik.
16:08 of 1st period - Stopped by Kari Lehtonen without a rebound.
16:09 of 1st period - Marc Savard wins face-off versus Tomas Plekanec in Canadiens zone.
16:20 of 1st period - Snap shot by Marc Savard.
16:20 of 1st period - Deflect By David Booth.
16:20 of 1st period - Shot Misses the Net.
16:20 of 1st period - Puck is out of play.
16:21 of 1st period - Marc Savard wins face-off versus Viktor Kozlov in Canadiens zone.
16:22 of 1st period - Snap shot by Pavel Bure.
16:22 of 1st period - Shot Misses the Net.
16:28 of 1st period - Snap shot by Pavel Bure.
16:28 of 1st period - Shot Misses the Net.
16:30 of 1st period - Snap shot by Marc Savard.
16:30 of 1st period - Shot Misses the Net.
16:32 of 1st period - Snap shot by Marc Savard.
16:32 of 1st period - Deflect By Pavel Bure.
16:32 of 1st period - Shot Blocked by Mark Fistric.
16:32 of 1st period - Puck is out of play.
16:33 of 1st period - Marc Savard wins face-off versus Viktor Kozlov in Canadiens zone.
16:58 of 1st period - Tomas Plekanec is hit by Ales Kotalik and loses puck.
17:24 of 1st period - Ryan Bayda is hit by Jason Ward and loses puck.
17:26 of 1st period - Minor Penalty to Jason Ward for Hooking.
17:27 of 1st period - Marc Savard wins face-off versus Tomas Plekanec in Blue Jackets zone.
17:32 of 1st period - Patric Hornqvist is hit by Kevin Bieksa and loses puck.
17:43 of 1st period - Snap shot by Tomas Plekanec.
17:43 of 1st period - Goal by Tomas Plekanec - Blue Jackets : 1 - Canadiens : 2.
17:44 of 1st period - Viktor Kozlov wins face-off versus Marc Savard in neutral zone.
17:53 of 1st period - Snap shot by Marek Svatos.
17:53 of 1st period - Stopped by Jaroslav Halak with a rebound.
17:55 of 1st period - Snap shot by Patrick Marleau.
17:55 of 1st period - Stopped by Jaroslav Halak without a rebound.
17:56 of 1st period - Marc Savard wins face-off versus Viktor Kozlov in Blue Jackets zone.
18:03 of 1st period - Slapshot by Wade Redden.
18:03 of 1st period - Stopped by Kari Lehtonen without a rebound.
18:04 of 1st period - Marc Savard wins face-off versus Viktor Kozlov in Canadiens zone.
18:17 of 1st period - Wrist shot by Marc Savard.
18:17 of 1st period - Stopped by Kari Lehtonen with a rebound.
18:19 of 1st period - Snap shot by Kevin Bieksa.
18:19 of 1st period - Stopped by Kari Lehtonen without a rebound.
18:20 of 1st period - Jan Bulis wins face-off versus Tomas Plekanec in Canadiens zone.
19:12 of 1st period - Éric Desjardins is hit by Andrew Ebbett and loses puck.
19:59 of 1st period - Minor Penalty to David Booth for Slashing.
2nd period
0:01 of 2nd period - Patric Hornqvist wins face-off versus Marc Savard in neutral zone.
0:26 of 2nd period - Kevin Bieksa is hit by Matt Carle and loses puck.
0:31 of 2nd period - Wrist shot by Viktor Kozlov.
0:31 of 2nd period - Goal by Viktor Kozlov - Blue Jackets : 1 - Canadiens : 3.
0:32 of 2nd period - Marc Savard wins face-off versus Viktor Kozlov in neutral zone.
0:41 of 2nd period - Wrist shot by Pavel Bure.
0:41 of 2nd period - Shot Misses the Net.
1:16 of 2nd period - Slapshot by Marc Savard.
1:16 of 2nd period - Stopped by Kari Lehtonen with a rebound.
1:32 of 2nd period - Wrist shot by Marc Savard.
1:32 of 2nd period - Stopped by Kari Lehtonen without a rebound.
1:33 of 2nd period - Jan Bulis wins face-off versus Viktor Kozlov in Canadiens zone.
1:42 of 2nd period - Mark Fistric is hit by Jan Bulis and loses puck.
1:49 of 2nd period - Snap shot by Marek Svatos.
1:49 of 2nd period - Stopped by Jaroslav Halak without a rebound.
1:50 of 2nd period - Andrew Ebbett wins face-off versus Tomas Plekanec in Blue Jackets zone.
1:58 of 2nd period - Minor Penalty to Mike York for Hooking.
1:59 of 2nd period - Marc Savard wins face-off versus Tomas Plekanec in Canadiens zone.
2:00 of 2nd period - Snap shot by Pavel Bure.
2:00 of 2nd period - Goal by Pavel Bure - Blue Jackets : 2 - Canadiens : 3.
2:01 of 2nd period - Viktor Kozlov wins face-off versus Marc Savard in neutral zone.
2:14 of 2nd period - Slapshot by Patrick Marleau.
2:14 of 2nd period - Stopped by Jaroslav Halak with a rebound.
2:16 of 2nd period - Snap shot by Mark Fistric.
2:16 of 2nd period - Stopped by Jaroslav Halak without a rebound.
2:17 of 2nd period - Radim Vrbata wins face-off versus Jan Bulis in Blue Jackets zone.
2:18 of 2nd period - Snap shot by Mike York.
2:18 of 2nd period - Shot Misses the Net.
2:20 of 2nd period - Slapshot by Éric Desjardins.
2:20 of 2nd period - Stopped by Jaroslav Halak without a rebound.
2:21 of 2nd period - Jan Bulis wins face-off versus Tomas Plekanec in Blue Jackets zone.
2:21 of 2nd period - Jan Bulis is hit by Radim Vrbata.
3:09 of 2nd period - Wrist shot by Andrew Ebbett.
3:09 of 2nd period - Stopped by Kari Lehtonen without a rebound.
3:10 of 2nd period - Andrew Ebbett wins face-off versus Tyler Arnason in Canadiens zone.
3:17 of 2nd period - Slapshot by Andrew Ebbett.
3:17 of 2nd period - Shot Misses the Net.
3:21 of 2nd period - Slapshot by Andrew Ebbett.
3:21 of 2nd period - Shot Misses the Net.
3:23 of 2nd period - Slapshot by Derek Morris.
3:23 of 2nd period - Deflect By Andrew Ebbett.
3:23 of 2nd period - Goal by Andrew Ebbett - Blue Jackets : 3 - Canadiens : 3.
3:24 of 2nd period - Viktor Kozlov wins face-off versus Pavel Bure in neutral zone.
3:34 of 2nd period - Minor Penalty to Patrick Marleau for Interference.
3:35 of 2nd period - Marc Savard wins face-off versus Tomas Plekanec in Canadiens zone.
4:13 of 2nd period - Off-side.
4:14 of 2nd period - Jan Bulis wins face-off versus Jamie Lundmark in neutral zone.
5:26 of 2nd period - Snap shot by Chris Dingman.
5:26 of 2nd period - Shot Hit the Post.
5:28 of 2nd period - Slapshot by Mark Fistric.
5:28 of 2nd period - Shot Misses the Net.
5:30 of 2nd period - Snap shot by Mark Fistric.
5:30 of 2nd period - Stopped by Jaroslav Halak with a rebound.
5:34 of 2nd period - Penalty to Patrick Marleau is over, Patrick Marleau is back on ice.
5:45 of 2nd period - Backhand shot by Ryan Bayda.
5:45 of 2nd period - Shot Misses the Net.
5:47 of 2nd period - Snap shot by Patric Hornqvist.
5:47 of 2nd period - Shot Misses the Net.
5:49 of 2nd period - Slapshot by Mark Fistric.
5:49 of 2nd period - Shot Misses the Net.
6:36 of 2nd period - Wrist shot by Patric Hornqvist.
6:36 of 2nd period - Shot Misses the Net.
7:31 of 2nd period - Shaone Morrisonn is hit by Jeff Woywitka and loses puck.
7:41 of 2nd period - Icing by Brad Stuart.
7:42 of 2nd period - Greg Campbell wins face-off versus Viktor Kozlov in Blue Jackets zone.
7:55 of 2nd period - Wrist shot by Greg Campbell.
7:55 of 2nd period - Shot Misses the Net.
8:17 of 2nd period - Wrist shot by David Booth.
8:17 of 2nd period - Shot Misses the Net.
8:29 of 2nd period - Ossi Vaananen is hit by Marcus Nilson and loses puck.
8:37 of 2nd period - Minor Penalty to Ryan Bayda for High sticking.
8:37 of 2nd period - Minor Penalty to Branislav Mezei for Hooking.
8:38 of 2nd period - Marc Savard wins face-off versus Viktor Kozlov in Blue Jackets zone.
8:43 of 2nd period - Slapshot by Wade Redden.
8:43 of 2nd period - Deflect By Patrick Marleau.
8:43 of 2nd period - Stopped by Kari Lehtonen with a rebound.
8:48 of 2nd period - Minor Penalty to Kevin Bieksa for High sticking.
8:49 of 2nd period - Marc Savard wins face-off versus Viktor Kozlov in Blue Jackets zone.
9:45 of 2nd period - Snap shot by Tomas Plekanec.
9:45 of 2nd period - Deflect By Marek Svatos.
9:45 of 2nd period - Deflect By Derek Morris.
9:45 of 2nd period - Shot Blocked by Brad Stuart.
9:45 of 2nd period - Puck is out of play.
9:46 of 2nd period - Tomas Plekanec wins face-off versus Greg Campbell in Blue Jackets zone.
9:49 of 2nd period - Wrist shot by Tomas Plekanec.
9:49 of 2nd period - Deflect By Marek Svatos.
9:49 of 2nd period - Shot Misses the Net.
9:49 of 2nd period - Puck is out of play.
9:50 of 2nd period - Marc Savard wins face-off versus Tomas Plekanec in Blue Jackets zone.
10:04 of 2nd period - Wrist shot by Tomas Plekanec.
10:04 of 2nd period - Stopped by Jaroslav Halak without a rebound.
10:05 of 2nd period - Marc Savard wins face-off versus Viktor Kozlov in Blue Jackets zone.
10:14 of 2nd period - Slapshot by Jeff Woywitka.
10:14 of 2nd period - Shot Blocked by Marc Savard.
10:16 of 2nd period - Snap shot by Patrick Marleau.
10:16 of 2nd period - Stopped by Jaroslav Halak with a rebound.
10:18 of 2nd period - Backhand shot by Patrick Marleau.
10:18 of 2nd period - Shot Misses the Net.
10:37 of 2nd period - Penalty to Ryan Bayda is over, Ryan Bayda is back on ice.
10:37 of 2nd period - Penalty to Branislav Mezei is over, Branislav Mezei is back on ice.
10:48 of 2nd period - Penalty to Kevin Bieksa is over, Kevin Bieksa is back on ice.
10:53 of 2nd period - Icing by Wade Redden.
10:54 of 2nd period - Tomas Plekanec wins face-off versus Marc Savard in Blue Jackets zone.
11:31 of 2nd period - Slapshot by Wade Redden.
11:31 of 2nd period - Shot Blocked by Mark Fistric.
11:37 of 2nd period - Slapshot by Mark Fistric.
11:37 of 2nd period - Stopped by Jaroslav Halak without a rebound.
11:38 of 2nd period - Tyler Arnason wins face-off versus Jan Bulis in Blue Jackets zone.
12:34 of 2nd period - Snap shot by Mike York.
12:34 of 2nd period - Shot Misses the Net.
12:48 of 2nd period - Éric Desjardins is hit by Jan Bulis and loses puck.
13:26 of 2nd period - Slapshot by Mark Fistric.
13:26 of 2nd period - Shot Misses the Net.
14:13 of 2nd period - Matt Carle is hit by Derek Morris and loses puck.
14:46 of 2nd period - Snap shot by Patrick Marleau.
14:46 of 2nd period - Shot Misses the Net.
15:30 of 2nd period - Wrist shot by Michel Ouellet.
15:30 of 2nd period - Stopped by Jaroslav Halak without a rebound.
15:31 of 2nd period - Jamie Lundmark wins face-off versus Jan Bulis in Blue Jackets zone.
15:53 of 2nd period - Icing by Ales Kotalik.
15:54 of 2nd period - Jan Bulis wins face-off versus Viktor Kozlov in Blue Jackets zone.
16:28 of 2nd period - Wrist shot by Radim Vrbata.
16:28 of 2nd period - Shot Misses the Net.
16:40 of 2nd period - Slapshot by Tyler Arnason.
16:40 of 2nd period - Goal by Tyler Arnason - Blue Jackets : 3 - Canadiens : 4.
16:41 of 2nd period - Patrick Marleau wins face-off versus Marc Savard in neutral zone.
16:43 of 2nd period - Off-side.
16:44 of 2nd period - Viktor Kozlov wins face-off versus Marc Savard in neutral zone.
16:57 of 2nd period - Snap shot by Marek Svatos.
16:57 of 2nd period - Stopped by Jaroslav Halak with a rebound.
17:09 of 2nd period - Marcus Nilson is hit by Mike York and loses puck.
17:18 of 2nd period - Snap shot by Ales Kotalik.
17:18 of 2nd period - Shot Misses the Net.
17:47 of 2nd period - Icing by Éric Desjardins.
17:48 of 2nd period - Andrew Ebbett wins face-off versus Tyler Arnason in Canadiens zone.
17:53 of 2nd period - Wrist shot by Andrew Ebbett.
17:53 of 2nd period - Stopped by Kari Lehtonen with a rebound.
17:55 of 2nd period - Wrist shot by Brad Stuart.
17:55 of 2nd period - Stopped by Kari Lehtonen without a rebound.
17:56 of 2nd period - Marc Savard wins face-off versus Viktor Kozlov in Canadiens zone.
18:05 of 2nd period - Snap shot by Pavel Bure.
18:05 of 2nd period - Shot Misses the Net.
18:07 of 2nd period - Wrist shot by Marc Savard.
18:07 of 2nd period - Goal by Marc Savard - Blue Jackets : 4 - Canadiens : 4.
18:08 of 2nd period - Marc Savard wins face-off versus Viktor Kozlov in neutral zone.
19:20 of 2nd period - Slapshot by Derek Morris.
19:20 of 2nd period - Stopped by Kari Lehtonen with a rebound.
19:54 of 2nd period - Pavel Bure is hit by Jeff Woywitka and loses puck.
3rd period
0:01 of 3rd period - Pavel Bure wins face-off versus Viktor Kozlov in neutral zone.
1:10 of 3rd period - Snap shot by Jeff Woywitka.
1:10 of 3rd period - Stopped by Jaroslav Halak without a rebound.
1:11 of 3rd period - Jamie Lundmark wins face-off versus Jason Ward in Blue Jackets zone.
1:12 of 3rd period - Snap shot by Michel Ouellet.
1:12 of 3rd period - Shot Misses the Net.
2:10 of 3rd period - Minor Penalty to Ossi Vaananen for High sticking.
2:11 of 3rd period - Tomas Plekanec wins face-off versus Marc Savard in Canadiens zone.
2:25 of 3rd period - Wrist shot by David Booth.
2:25 of 3rd period - Shot Blocked by Éric Desjardins.
2:27 of 3rd period - Wrist shot by Wade Redden.
2:27 of 3rd period - Deflect By Marc Savard.
2:27 of 3rd period - Stopped by Kari Lehtonen with a rebound.
2:56 of 3rd period - Branislav Mezei is hit by Patrick Marleau and loses puck.
4:10 of 3rd period - Penalty to Ossi Vaananen is over, Ossi Vaananen is back on ice.
4:18 of 3rd period - Patric Hornqvist is hit by Andrew Ebbett and loses puck.
4:23 of 3rd period - Wrist shot by Andrew Ebbett.
4:23 of 3rd period - Shot Blocked by Patric Hornqvist.
5:26 of 3rd period - Marek Svatos is hit by Michael Frolik and loses puck.
5:33 of 3rd period - Snap shot by Greg Campbell.
5:33 of 3rd period - Goal by Greg Campbell - Blue Jackets : 5 - Canadiens : 4.
5:34 of 3rd period - Viktor Kozlov wins face-off versus Marc Savard in neutral zone.
6:05 of 3rd period - Off-side.
6:06 of 3rd period - Marc Savard wins face-off versus Tomas Plekanec in neutral zone.
6:11 of 3rd period - Slapshot by Derek Morris.
6:11 of 3rd period - Shot Blocked by Jeff Woywitka.
6:21 of 3rd period - Snap shot by Tomas Plekanec.
6:21 of 3rd period - Shot Misses the Net.
6:58 of 3rd period - Wrist shot by Patric Hornqvist.
6:58 of 3rd period - Shot Blocked by Andrew Ebbett.
7:00 of 3rd period - Backhand shot by Éric Desjardins.
7:00 of 3rd period - Deflect By Tyler Arnason.
7:00 of 3rd period - Stopped by Jaroslav Halak with a rebound.
7:02 of 3rd period - Slapshot by Éric Desjardins.
7:02 of 3rd period - Shot Misses the Net.
7:04 of 3rd period - Snap shot by Patric Hornqvist.
7:04 of 3rd period - Goal by Patric Hornqvist - Blue Jackets : 5 - Canadiens : 5.
7:05 of 3rd period - Marc Savard wins face-off versus Marek Svatos in neutral zone.
7:08 of 3rd period - Slapshot by Kevin Bieksa.
7:08 of 3rd period - Deflect By Patrick Marleau.
7:08 of 3rd period - Stopped by Kari Lehtonen without a rebound.
7:09 of 3rd period - Viktor Kozlov wins face-off versus Marc Savard in Canadiens zone.
7:14 of 3rd period - Slapshot by Tyler Sloan.
7:14 of 3rd period - Deflect By Patrick Marleau.
7:14 of 3rd period - Shot Misses the Net.
7:14 of 3rd period - Puck is out of play.
7:15 of 3rd period - Viktor Kozlov wins face-off versus Marc Savard in Blue Jackets zone.
7:34 of 3rd period - Wrist shot by Patrick Marleau.
7:34 of 3rd period - Stopped by Jaroslav Halak with a rebound.
7:36 of 3rd period - Slapshot by Viktor Kozlov.
7:36 of 3rd period - Deflect By Wade Redden.
7:36 of 3rd period - Shot Blocked by Wade Redden.
7:36 of 3rd period - Puck is out of play.
7:37 of 3rd period - Jan Bulis wins face-off versus Radim Vrbata in Blue Jackets zone.
8:06 of 3rd period - Minor Penalty to Patrick Marleau for Hooking.
8:07 of 3rd period - Tomas Plekanec wins face-off versus Marc Savard in Canadiens zone.
8:07 of 3rd period - Tomas Plekanec is hit by Marc Savard.
8:14 of 3rd period - Minor Penalty to Pavel Bure for High sticking.
8:15 of 3rd period - Marc Savard wins face-off versus Viktor Kozlov in Blue Jackets zone.
9:37 of 3rd period - Branislav Mezei is hit by Ossi Vaananen and loses puck.
10:06 of 3rd period - Penalty to Patrick Marleau is over, Patrick Marleau is back on ice.
10:11 of 3rd period - Éric Desjardins is hit by David Booth and loses puck.
10:14 of 3rd period - Penalty to Pavel Bure is over, Pavel Bure is back on ice.
10:31 of 3rd period - Pavel Bure is hit by Patrick Marleau and loses puck.
10:36 of 3rd period - Wrist shot by Michel Ouellet.
10:36 of 3rd period - Stopped by Jaroslav Halak with a rebound.
10:38 of 3rd period - Slapshot by Éric Desjardins.
10:38 of 3rd period - Shot Misses the Net.
10:46 of 3rd period - Snap shot by Patrick Marleau.
10:46 of 3rd period - Shot Blocked by Pavel Bure.
10:58 of 3rd period - Snap shot by Ryan Bayda.
10:58 of 3rd period - Goal by Ryan Bayda - Blue Jackets : 5 - Canadiens : 6.
10:59 of 3rd period - Jan Bulis wins face-off versus Tomas Plekanec in neutral zone.
11:08 of 3rd period - Kevin Bieksa is hit by Radim Vrbata and loses puck.
11:28 of 3rd period - Snap shot by Marcus Nilson.
11:28 of 3rd period - Stopped by Kari Lehtonen with a rebound.
11:30 of 3rd period - Wrist shot by Jason Ward.
11:30 of 3rd period - Shot Misses the Net.
11:36 of 3rd period - Snap shot by Ladislav Nagy.
11:36 of 3rd period - Stopped by Kari Lehtonen without a rebound.
11:37 of 3rd period - Andrew Ebbett wins face-off versus Tomas Plekanec in Canadiens zone.
11:42 of 3rd period - Wrist shot by Andrew Ebbett.
11:42 of 3rd period - Shot Misses the Net.
11:44 of 3rd period - Slapshot by Shaone Morrisonn.
11:44 of 3rd period - Stopped by Kari Lehtonen without a rebound.
11:44 of 3rd period - Minor Penalty to Jason Ward for Hooking.
11:45 of 3rd period - Tomas Plekanec wins face-off versus Marc Savard in Blue Jackets zone.
12:27 of 3rd period - Wrist shot by David Booth.
12:27 of 3rd period - Shot Misses the Net.
13:39 of 3rd period - David Booth is hit by Tyler Arnason and loses puck.
13:44 of 3rd period - Penalty to Jason Ward is over, Jason Ward is back on ice.
13:52 of 3rd period - Jamie Lundmark is hit by Jan Bulis and loses puck.
15:17 of 3rd period - Minor Penalty to Éric Desjardins for Hooking.
15:18 of 3rd period - Marc Savard wins face-off versus Tomas Plekanec in Canadiens zone.
15:43 of 3rd period - Jan Bulis is hit by Patrick Marleau and loses puck.
16:10 of 3rd period - Mark Fistric is hit by Jan Bulis and loses puck.
16:27 of 3rd period - Marek Svatos is hit by Pavel Bure and loses puck.
17:17 of 3rd period - Penalty to Éric Desjardins is over, Éric Desjardins is back on ice.
18:06 of 3rd period - Ben Guite is hit by Viktor Kozlov and loses puck.
18:59 of 3rd period - Snap shot by Pavel Bure.
18:59 of 3rd period - Stopped by Kari Lehtonen with a rebound.
19:03 of 3rd period - Blue Jackets, Jaroslav Halak is pulled from the net.
19:13 of 3rd period - Slapshot by Tyler Sloan.
19:13 of 3rd period - Shot Blocked by Wade Redden.
19:15 of 3rd period - Wrist shot by Marek Svatos.
19:15 of 3rd period - Goal by Marek Svatos - Blue Jackets : 5 - Canadiens : 7.
19:15 of 3rd period - Jaroslav Halak from Blue Jackets was sent back in the game.
19:16 of 3rd period - Tyler Arnason wins face-off versus Andrew Ebbett in neutral zone.
19:29 of 3rd period - Snap shot by Jason Ward.
19:29 of 3rd period - Stopped by Kari Lehtonen with a rebound.
19:31 of 3rd period - Snap shot by Wade Redden.
19:31 of 3rd period - Stopped by Kari Lehtonen with a rebound.
Output by the SimonT Hockey Simulator (STHS) for François Prévost -- Original Page W3C XHTML 1.0 Valid